 Dungeon Crawl Stone Soup version 0.19.0-2-gae57169 (webtiles) character file.

116 Bsssss the Sneak (level 4, -6/34 HPs)
             Began as a Vampire Assassin on Nov 3, 2016.
             Mangled by Sigmund
             ... wielding a +1 scythe of venom
              (10 damage)
             ... on level 2 of the Dungeon.
             The game lasted 00:09:16 (3404 turns).

Bsssss the Sneak (Vampire Assassin)                 Turns: 3404, Time: 00:09:17

Health: -6/34      AC:  3    Str:  7 (10) XL:     4   Next: 70%
Magic:  4/4        EV: 11    Int: 10 (13) God:
Gold:   72         SH:  3    Dex: 13 (16) Spells: 0 memorised, 3 levels left

rFire  . . .     SeeInvis +     a - +2 dagger
rCold  + . .     Gourm    .     c - +0 robe
rNeg   + + .     Faith    .     s - +0 buckler
rPois  +         Spirit   .     (no helmet)
rElec  .         Reflect  .     d - +0 cloak
rCorr  .         Harm     .     (no gloves)
MR     .....                    (no boots)
Stlth  ++++......               (no amulet)
                                (no ring)
                                (no ring)

@: regenerating slowly
A: fangs 3, see invisible, unbreathing
a: Bat Form


You were on level 2 of the Dungeon.
You were thirsty.

You visited 1 branch of the dungeon, and saw 2 of its levels.

You collected 72 gold pieces.

Inventory:

Hand Weapons
 a - a +2 dagger (weapon)
 b - a +0 blowgun
Missiles
 e - 8 poisoned needles
 f - 2 curare-tipped needles
 h - 23 bolts
 k - 69 stones (quivered)
 n - 16 sling bullets
Armour
 c - a +0 robe (worn)
 d - a +0 cloak (worn)
 s - a +0 buckler (worn)
Scrolls
 i - 2 scrolls of teleportation {unknown}
 m - a scroll of enchant weapon {unknown}
 q - a scroll of noise {unknown}
 t - 2 scrolls of identify {unknown}
Potions
 g - 15 potions of blood
 j - 2 potions of degeneration
 l - a potion of lignification {unknown}
 o - a potion of might {unknown}
Books
 p - a book of Misfortune

   Spells                             Type                      Level
   a - Confusing Touch                Hexes                        1
   b - Confuse                        Hexes                        3
   c - Gell's Gravitas                Hexes/Translocation          3
   d - Petrify                        Transmutation/Earth          4
   e - Metabolic Englaciation         Hexes/Ice                    5
   f - Yara's Violent Unravelling     Hexes/Transmutation          5


   Skills:
 * Level 2.7 Fighting
 + Level 3.3 Short Blades
 - Level 1.5 Throwing
 + Level 2.0 Dodging
 + Level 7.1 Stealth
 + Level 0.1 Shields


You had 3 spell levels left.
You didn't know any spells.

Dungeon Overview and Level Annotations

Branches:
Dungeon (2/15)

Altars:

Annotations:
D:2 Sigmund


Innate Abilities, Weirdness & Mutations

You heal slowly.
You have razor-sharp teeth.
You have supernaturally acute eyesight. (SInv)
You can survive without breathing.


Message History

The leopard gecko closely misses you.
You hit the kobold but do no damage. The kobold barely misses you.
You closely miss the kobold. The kobold misses you.
Sigmund hits you from afar with a scythe of venom!
You hit the kobold.
You kill the kobold!
You hit the leopard gecko.
The leopard gecko is severely wounded.
You block the leopard gecko's attack. Sigmund misses you.
You hit the leopard gecko.
You kill the leopard gecko!
Sigmund hits you with a scythe of venom!
* * * LOW HITPOINT WARNING * * *
It was a potion of degeneration.
There was something very wrong with that liquid.
You feel weakened.
You feel dopey.
You feel clumsy.
As you read the scroll labeled QEDDOD YFF, it crumbles to dust.
You feel blessed for a moment.
It was a scroll of remove curse.
Sigmund hits you with a scythe of venom!
You die...

#.#............#
####.#+#..........# .#
.........########## #...#.#
.........# #...#.# .
.........######### #...#.# ..
.................# #...#.# .[.
..........######.#####...#.# ....
.................@.........#.....
####......######@#...............
........#.# #.#...............
..8.......######.#...............
.8.8....##.......#..........#####
8._.8....+.......#.....!....#
.8.8...###......##.##########
..8...####......##.#
.........#......##$#
###.#....#......##.


You could see Sigmund (invisible).

Vanquished Creatures
  5 adders (D:2)
  A worm (D:2)
  2 leopard geckos
  A ball python (D:1)
  6 goblins
  12 hobgoblins
  11 jackals
  7 bats
  6 frilled lizards
  7 kobolds
  8 rats
66 creatures vanquished.

Notes
Turn   | Place    | Note
-------+----------+-------------------------------------------
     0 | D:1      | Bsssss the Vampire Assassin began the quest for the Orb.
     0 | D:1      | Reached XP level 1. HP: 16/16 MP: 1/1
    44 | D:1      | Reached skill level 6 in Stealth
   373 | D:1      | Reached XP level 2. HP: 22/22 MP: 2/2
   715 | D:1      | Reached XP level 3. HP: 8/27 MP: 3/3
  2426 | D:2      | Reached XP level 4. HP: 32/34 MP: 4/4
  2520 | D:2      | Reached skill level 7 in Stealth
  3311 | D:2      | Found a faded altar of an unknown god.
  3382 | D:2      | Noticed Sigmund
  3404 | D:2      | Mangled by Sigmund

Skill      XL: |  1  2  3  4 |
---------------+-------------+-----
Stealth        | 6 7 |  7.1
Fighting       | 2 |  2.7
Short Blades   | 3 |  3.3
Dodging        | 2 |  2.0
Throwing       | |  1.5
Shields        | |  0.1

Action                   |  1- 3 |  4- 6 || total
-------------------------+-------+-------++-------
Melee: Dagger            |   141 |    67 ||   208
       Bite              |    11 |     5 ||    16
  Use: Potion            |     2 |     3 ||     5
       Scroll            |       |     1 ||     1
 Stab: Sleeping          |    12 |     4 ||    16
       Distracted        |     1 |       ||     1
  Eat: Corpse            |     1 |       ||     1
Armor: Robe              |    32 |    24 ||    56
Dodge: Dodged            |    65 |    49 ||   114
Block: Buckler           |       |     5 ||     5
